 Dungeon Crawl Stone Soup version 0.31-a0-331-geda263fcf1 (webtiles) character file.

Game seed: 14134493632890085871

104 tsouns the Ducker (level 5, 0/40 HPs)
             Began as a Djinni Shapeshifter on July 19, 2023.
             Slain by an orc
             ... wielding a +0 whip
              (2 damage)
             ... on level 3 of the Dungeon on July 20, 2023.
             The game lasted 00:03:16 (1753 turns).

tsouns the Ducker (Djinni Shapeshifter)             Turns: 1753, Time: 00:03:17

Health: 0/40       AC:  2    Str: 16    XL:     5   Next: 7%
Gold:   93         EV: 13    Int: 10    God:
                   SH:  0    Dex: 13

rFire   + +          .
                       - Unarmed
rCold   x . .        (no shield)
rNeg    . . .        a - +0 animal skin
rPois   ∞            (helmet currently unavailable)
rElec   .            (cloak currently unavailable)
rCorr   .            (gloves currently unavailable)
SInv    +            (boots unavailable)
Will    .....        (no amulet)
Stlth   +            n - ring of see invisible
HPRegen 0.26/turn    (no ring)
MPRegen 0.00/turn

%: infuse magic (-1 HP)
@: beast-form, flying, unable to drink
A: beast (slay +2), flying, sickness immunity, fire resistance 2, cold
vulnerability 1, float, innate caster, HP casting, extra vitality 1, inability
to drink after injury 1
a: Begin Untransformation


You were on level 3 of the Dungeon.
You were a hulking beast.
You visited 1 branch of the dungeon, and saw 3 of its levels.

You collected 109 gold pieces.
You spent 16 gold pieces at shops.

Inventory:

Hand Weapons
 l - the +6 hand axe of Verdant Purpose {antimagic, Str+4}
   (You took it off a kobold on level 2 of the Dungeon)

   Str:       It affects your strength (+4).
Armour
 a - a +0 animal skin (worn)
 h - a +0 cloak
Jewellery
 n - a ring of see invisible (left hand)
Talismans
 c - a beast talisman
Scrolls
 i - a scroll of identify
 k - a scroll of revelation {unknown}
Potions
 b - 3 potions of lignification
 d - a potion of heal wounds
 e - a potion of magic {unknown}
 j - a potion of brilliance {unknown}
 m - 2 potions of mutation
 o - a potion of curing {unknown}


   Skills:
 + Level 2.9 Fighting
 + Level 3.2 Dodging
 + Level 2.9 Unarmed Combat
 + Level 3.1 Shapeshifting


You knew the following spells:

 Your Spells              Type           Power      Damage    Failure   Level
a - Foxfire               Conj/Fire      0%         2x1d4     36%         1
b - Lesser Beckoning      Tloc           0%         N/A       50%         2
Your spell library was empty.

Dungeon Overview and Level Annotations

Branches:
Dungeon (3/15)

Altars:

Shops:
D:1 *


Innate Abilities, Weirdness & Mutations

You are a hulking beast.
Your limbs bulge with bestial killing power. (Slay +2)
You are flying.
You are immune to sickness and miasma.
You are immune to poison.
Your flesh is very heat resistant. (rF++)
You are vulnerable to cold. (rC-)
You float through the air rather than walking.
You learn spells naturally, not from books.
Your magical power is your life essence.
You have superior vitality. (+4 MHP)
You occasionally lose the ability to drink potions when taking damage.


Message History

You hit the orc but do no damage.
The orc is severely wounded.
An adder comes into view.
The orc hits you with a +0 hand axe.
You closely miss the orc.
The orc is severely wounded.
The orc closely misses you.
You barely miss the orc.
The orc is severely wounded.
You barely miss the orc.
The orc is severely wounded.
The orc hits you with a +0 hand axe.
The ball python hisses angrily.
You hit the orc.
You kill the orc!
You hit the orc but do no damage. The orc closely misses you.
You hit the orc but do no damage.
The orc priest mumbles some strange prayers to Beogh against you.
Beogh smites you!
You feel threatened and lose the ability to drink potions!
* * * LOW HITPOINT WARNING * * *
The orc hits you with a +0 whip.
* * * LOW HITPOINT WARNING * * *
You cannot drink potions in your current state!
As you read the scroll labelled JAM INYNTA, it crumbles to dust.
It is a scroll of identify.
f - a scroll of poison The orc hits you with a +0 whip.
* * * LOW HITPOINT WARNING * * *
As you read the scroll labelled RUPUOVV ZUORR, it crumbles to dust.
You hear a loud clanging noise!
It was a scroll of noise.
You hear a shout!
You hear a bark! x2; You hear a shout!
A kobold comes into view. It is wielding a +0 whip.
The orc closely misses you.
The air fills with toxic fumes!
As you read the scroll of poison, it crumbles to dust.
The orc hits you but does no damage. The orc attacks as you move away!
The orc hits you with a +0 whip.
You die...

##.#..###.. #§§§K
....#..... §§§
.......##. §§§
#.#..<. §§§..###
#.....# #§#....#
#..##.. #§##.#.#
##..###.
#§##.#.####...# #.
#h##.#)##....## #.
#o##.#.##..### #(.
#######o##.#....##
#..
......#S##.>....#
#.. #.§oS.....###
#...
#######§§.....##
....#
#.....§§§.#....#
#.###
#.....§§§§.........
#.......###.###...


You could see an orc priest, an adder, 2 orcs, a ball python and a kobold.

Vanquished Creatures
  A gnoll (D:1)
  2 adders (D:2)
  2 worms (D:2)
  6 dart slugs
  8 orcs (D:3)
  6 endoplasms
  A giant cockroach (D:1)
  4 goblins
  3 hobgoblins
  2 ball pythons (D:1)
  5 bats
  3 frilled lizards
  4 kobolds
  3 rats
50 creatures vanquished.

Notes
Turn   | Place    | Note
-------+----------+-------------------------------------------
     0 | D:1      | tsouns the Djinni Shapeshifter began the quest for the Orb.
     0 | D:1      | Reached XP level 1. HP: 18/18 MP: 0/0
   196 | D:1      | Reached XP level 2. HP: 23/23 MP: 0/0
   320 | D:1      | Found Sogeh's Assorted Antiques.
   326 | D:1      | Bought a coppery potion for 16 gold pieces
   609 | D:1      | Reached XP level 3. HP: 25/29 MP: 0/0
   609 | D:1      | Learned a level 1 spell: Foxfire
  1018 | D:2      | Reached XP level 4. HP: 18/34 MP: 0/0
  1134 | D:2      | Identified the +6 hand axe of Verdant Purpose {antimagic,
                  | Str+4}
  1717 | D:3      | Reached XP level 5. HP: 27/40 MP: 0/0
  1717 | D:3      | Learned a level 2 spell: Lesser Beckoning
  1732 | D:3      | HP: 2/40 [orc priest/divine providence (11)]
  1737 | D:3      | Gained mutation: You occasionally lose the ability to drink
                  | potions when taking damage. [potion of mutation]
  1737 | D:3      | HP: 1/40 [orc/+0 hand axe (2)]
  1750 | D:3      | HP: 1/40 [orc/+0 whip (2)]
  1753 | D:3      | Slain by an orc

Illustrated notes

Levels and vault maps discovered:
D:1:      dpeg_arrival_ternary, layout_basic, serial_shops,
          nicolae_shop_hallway_plus, supply_closet_lemuel
D:2:      layout_rooms, minmay_misc_feat_plants, minmay_tripent
D:3:      layout_rooms, mainiacjoe_overflow_alcove_2, kennysheep_flooded_box

Skill      XL: |  1  2  3  4 |
---------------+-------------+-----
Shapeshifting  | 3 |  3.1
Dodging        | 3 |  3.2
Fighting       | |  2.9
Unarmed Combat | |  2.9

Action                     |  1- 3 |  4- 6 || total
---------------------------+-------+-------++-------
  Melee: Unarmed           |    84 |    94 ||   178
         Punch             |     1 |     3 ||     4
    Use: Scroll            |       |     3 ||     3
         Potion            |       |     2 ||     2
 Armour: Animal skin       |    17 |     5 ||    22
  Dodge: Dodged            |    53 |    50 ||   103

Table legend: (Time is in decaauts)
 A = Elapsed time spent in this place.
 B = Non-inter-level travel time spent in this place.
 C = Inter-level travel time spent in this place.
 D = Time resting spent in this place.
 E = Time spent auto-exploring this place.
 F = Levels seen in this place.
 G = Mean time per level.
                   A        B        C        D        E       F      G
               +--------+--------+--------+--------+--------+-----+--------+
         Total |   1743 |   1722 |     21 |      0 |   1316 |   3 |  581.0 |
       Dungeon |   1743 |   1722 |     21 |      0 |   1316 |   3 |  581.0 |
               +--------+--------+--------+--------+--------+-----+--------+

Top non-repeatable levels by time:
     D:1: 796 daAuts
     D:2: 676 daAuts
     D:3: 270 daAuts
